 Dungeon Crawl Stone Soup version 0.29.1-12-g30fa7ad0bf (webtiles) character file.

Game seed: 15966415068657332098

280 Radix the Chopper (level 6, -18/84 (87) HPs)
             Began as a Minotaur Berserker on Jan 13, 2023.
             Was a Believer of Trog.
             Demolished by a large abomination (20 damage)
             ... on level 1 of the Abyss.
             The game lasted 00:09:44 (3898 turns).

Radix the Chopper (Minotaur Berserker)              Turns: 3898, Time: 00:09:45

HP:   -18/84 (87)   AC:  9    Str: 23    XL:     6   Next: 5%
MP:   5/5           EV:  8    Int:  4    God:    Trog [**....]
Gold: 325           SH:  0    Dex: 10    Spells: 5/5 levels left

rFire   . . .      SeeInvis .   a - +0 hand axe
rCold   . . .      Faith    .   (no shield)
rNeg    . . .      Spirit   .   c - +0 chain mail
rPois   .          Reflect  .   (helmet restricted)
rElec   .          Harm     .   (no cloak)
rCorr   .          Rampage  .   (no gloves)
Will    ++...                   i - +0 pair of boots
Stlth   ..........              (no amulet)
HPRegen 1.24/turn               l - ring of flight
MPRegen 0.09/turn               (no ring)

@: berserking (expiring), strong-willed (expiring), flying, regenerating
(expiring), lightly drained, very quick
A: horns 2, retaliatory headbutt
a: Renounce Religion, Berserk, Trog's Hand


You were on level 1 of the Abyss.
You worshipped Trog.
Trog was pleased with you.
You visited 1 branch of the dungeon, and saw 4 of its levels.
You visited the Abyss 1 time.
You also visited: Sewer.

You collected 325 gold pieces.

Inventory:

Hand Weapons
 a - a +0 hand axe (weapon)
Armour
 c - a +0 chain mail (worn)
 i - a +0 pair of boots (worn)
Jewellery
 l - a ring of flight (left hand)
Scrolls
 d - a scroll of butterflies
 f - a scroll of teleportation
 n - a scroll of fear
Potions
 b - a potion of brilliance {unknown}
 e - a potion of invisibility {unknown}
 g - a potion of flight {unknown}
 h - 3 potions of haste
 j - a potion of curing {unknown}
 k - a potion of berserk rage {unknown}
 p - a potion of heal wounds {unknown}


   Skills:
 + Level 6.3 Fighting
 + Level 6.3 Axes
 - Level 2.4 Armour
 - Level 2.1 Dodging


You had 5 spell levels left.
You didn't know any spells.
Your spell library was empty.

Dungeon Overview and Level Annotations

Branches:
Dungeon (4/15)             Temple (0/1) D:4           Sewer (visited)

Altars:

Shops:
D:1 =

Annotations:
D:4 Crazy Yiuf


Innate Abilities, Weirdness & Mutations

You have a pair of horns on your head.
You reflexively headbutt those who attack you in melee.


Message History

Your skin crawls.
You feel strong-willed.
A red film seems to cover your vision as you go berserk!
You feel yourself moving faster!
You feel mighty!
You feel a strong urge to attack something.
You hit the large abomination.
The large abomination is lightly damaged.
The large abomination hits you.
You hit the large abomination but do no damage.
The large abomination is lightly damaged.
You barely miss the large abomination.
You headbutt the large abomination, but do no damage.
The large abomination is lightly damaged.
The large abomination hits you but does no damage.
You barely miss the large abomination. You headbutt the large abomination.
The large abomination is lightly damaged.
The large abomination hits you.
You barely miss the large abomination. You headbutt the large abomination.
The large abomination is moderately damaged.
You hit the large abomination. You headbutt the large abomination!
The large abomination is heavily damaged.
The large abomination hits you!!
* * * LOW HITPOINT WARNING * * *
You barely miss the large abomination. You headbutt the large abomination.
The large abomination is heavily damaged.
You slash the large abomination!
The large abomination is severely damaged.
The large abomination hits you but does no damage.
You hit the large abomination but do no damage.
Your headbutt misses the large abomination.
The large abomination is severely damaged.
You barely miss the large abomination.
The large abomination is severely damaged.
You feel the effects of Trog's Hand fading.
The large abomination hits you!
* * * LOW HITPOINT WARNING * * *
You slash the large abomination!
The large abomination is almost destroyed.
The large abomination hits you!!
You die...

.#.
###..#
#.... #
#..... #
###
...#..
♣.♣♣.♣..
♣...#.♣
♣#....♣
♣#@..# ♣
♣.X..# .
♣##'## .
♣.♣ ♣ ♣♣
♣X ♣ ♣
.♣


You could see a large abomination.

Vanquished Creatures
  Pargi (Sewer)
  Jessica (D:2)
  4 gnolls (D:2)
  6 adders
  A dart slug (D:1)
  2 orcs (D:3)
  7 endoplasms
  4 giant cockroaches
  4 hobgoblins
  6 jackals
  2 quokkas
  4 ball pythons
  8 bats
  2 frilled lizards (D:1)
  6 goblins
  10 kobolds
  5 rats
73 creatures vanquished.

Notes
Turn   | Place    | Note
-------+----------+-------------------------------------------
     0 | D:1      | Radix the Minotaur Berserker began the quest for the Orb.
     0 | D:1      | Reached XP level 1. HP: 19/19 MP: 0/0
   428 | D:1      | Reached XP level 2. HP: 27/27 MP: 1/1
   602 | D:1      | Found a faded altar of an unknown god.
   811 | D:1      | Found Jager's Jewellery Emporium.
  1257 | D:2      | Noticed Jessica
  1266 | D:2      | Killed Jessica
  1267 | D:2      | Reached XP level 3. HP: 13/34 MP: 2/2
  1647 | D:2      | Reached skill level 5 in Fighting
  1647 | D:2      | Reached skill level 5 in Axes
  1647 | D:2      | Reached XP level 4. HP: 42/42 MP: 3/3
  1849 | D:2      | Reached ** piety under Trog
  2655 | D:3      | Reached XP level 5. HP: 46/48 MP: 4/4
  3067 | D:3      | Found a glowing drain.
  3090 | Sewer    | Entered a sewer
  3111 | Sewer    | Noticed Pargi
  3124 | Sewer    | Killed Pargi
  3610 | D:4      | Reached XP level 6. HP: 39/57 MP: 5/5
  3751 | D:4      | Found a staircase to the Ecumenical Temple.
  3831 | D:4      | Found a runed translucent door.
  3832 | D:4      | Noticed Crazy Yiuf
  3842 | Abyss:1  | Cast into level 1 of the Abyss (Crazy Yiuf)
  3872 | Abyss:1  | Noticed a large abomination
  3897 | Abyss:1  | HP: 1/84 [large abomination (17)]
  3898 | Abyss:1  | Demolished by a large abomination

Illustrated notes

Levels and vault maps discovered:
D:1:      sevenhm_arrival_forest_fort_small_4, layout_loops_corners,
          serial_shops, nicolae_shop_crystal,
          hellmonk_ecumenical_altar_crossroads
D:2:      layout_basic, nicolae_concentric_dashed_squares_wild, minivault_25,
          uniq_jessica
D:3:      layout_loops_corners, portal_sewer_entry_f,
          minmay_misc_feat_nine_boxes, st_stairs_11
D:4:      layout_basic, minmay_temple_entry_water_ring, uniq_crazy_yiuf_cottage
Abyss:1:  base:
Temple

Skill      XL: |  1  2  3  4  5 |
---------------+----------------+-----
Fighting       | 4 5 6 |  6.3
Axes           | 4 5 6 |  6.3
Armour         | |  2.4
Dodging        | |  2.1

Action                   |  1- 3 |  4- 6 || total
-------------------------+-------+-------++-------
Melee: Hand axe          |    59 |   113 ||   172
       Headbutt          |     7 |    20 ||    27
       Punch             |       |     1 ||     1
Throw: Throwing net      |       |     1 ||     1
Invok: Berserk           |     1 |     1 ||     2
       Trog's Hand       |       |     2 ||     2
  Use: Scroll            |       |     6 ||     6
Armor: Animal skin       |     3 |       ||     3
       Chain mail        |    39 |    69 ||   108
Dodge: Dodged            |    32 |    49 ||    81
